 Dungeon Crawl Stone Soup version 0.30-a0-335-ge5acde7520 (webtiles) character file.

Game seed: 11476420505479282540

158 ParallaxScroll the Trooper (level 5, -1/47 HPs)
             Began as a Hill Orc Reaver on Oct 31, 2022.
             Was an Initiate of Dithmenos.
             Slain by an ufetubus (3 damage)
             ... on level 6 of the Dungeon.
             The game lasted 00:12:51 (1788 turns).

ParallaxScroll the Trooper (Hill Orc Reaver)        Turns: 1788, Time: 00:12:51

Health: -1/47      AC:  3    Str: 14 (17) XL:     5   Next: 39%
Magic:  7/7        EV: 11    Int: 12 (13) God:    Dithmenos [......]
Gold:   109        SH:  0    Dex:  6 (9)  Spells: 6/7 levels left

rFire   x . .      SeeInvis .    c - +0 hand axe
rCold   + . .      Faith    .    (no shield)
rNeg    . . .      Spirit   .    g - +0 leather armour
rPois   .          Reflect  .    (no helmet)
rElec   .          Harm     .    (no cloak)
rCorr   .          Rampage  .    (no gloves)
Will    +....                    (no boots)
Stlth   +.........               (no amulet)
HPRegen 0.27/turn                d - ring of ice
MPRegen 0.10/turn                o - ring of willpower

@: invisible
A: no striking features
a: Renounce Religion


You were on level 6 of the Dungeon.
You worshipped Dithmenos.
Dithmenos was noncommittal.
You visited 1 branch of the dungeon, and saw 4 of its levels.

You collected 109 gold pieces.

Inventory:

Hand Weapons
 a - a +0 sling
 b - a +2 dagger of venom
 c - a +0 hand axe (weapon)
 u - a +0 flail
Missiles
 p - 14 stones
Armour
 e - a +0 scale mail
 g - a +0 leather armour (worn)
 j - a +0 ring mail
Magical Staves
 l - a staff of fire
Jewellery
 d - a ring of ice (left hand)
 o - a ring of willpower (right hand)
Scrolls
 f - a scroll of summoning
 h - 3 scrolls of fear
 i - 2 scrolls of butterflies
 k - a scroll of amnesia {unknown}
 m - a scroll of enchant weapon {unknown}
Potions
 n - a potion of attraction
 q - a potion of degeneration
 r - a potion of invisibility
 s - a potion of curing {unknown}
 t - a potion of lignification {unknown}


   Skills:
 + Level 4.5 Fighting
 - Level 4.4 Axes
 - Level 1.0 Armour
 - Level 1.5 Dodging
 - Level 1.5 Spellcasting
 - Level 4.0 Conjurations
 + Level 1.9 Necromancy


You had 6 spell levels left.
You knew the following spells:

 Your Spells              Type           Power      Damage    Failure   Level
a - Kiss of Death         Conj/Necr      32%        2d7       11%         1

Your spell library contained the following spells:

 Spells                   Type           Power      Damage    Failure   Level
 Momentum Strike          Conj/Tloc      10%        3d8       24%         2
 Hailstorm                Conj/Ice       8%         3d4       43%         3


Dungeon Overview and Level Annotations

Branches:
Dungeon (6/15)
 Temple: D:4-7

Altars:
Dithmenos

Annotations:
D:2 book behind moat


Message History

The ufetubus shouts!
The sling bullet hits the ufetubus.
The ufetubus is moderately wounded.
Fire: a) +0 sling
Press: ? - help, Q - select action, (/) - cycle Shift-Dir - straight line, f/p - ufetubus
Aim: an ufetubus (moderately wounded, 29% to hit)
You shoot a sling bullet.
The sling bullet hits the ufetubus but does no damage.
The ufetubus is moderately wounded.
Fire: a) +0 sling
Press: ? - help, Q - select action, (/) - cycle Shift-Dir - straight line, f/p - ufetubus
Aim: an ufetubus (moderately wounded, 29% to hit)
You shoot a sling bullet. The sling bullet misses the ufetubus.
The ufetubus barely misses you. The ufetubus hits you.
* * * LOW HITPOINT WARNING * * *
c - a +0 hand axe (weapon)
You hit the ufetubus.
The ufetubus is almost dead.
The ufetubus hits you.
* * * LOW HITPOINT WARNING * * *
The ufetubus completely misses you. The ufetubus closely misses you.
The ufetubus hits you.
* * * LOW HITPOINT WARNING * * *
It was a potion of degeneration.
There was something very wrong with that liquid.
You feel weakened.
You feel dopey.
You feel clumsy. The ufetubus barely misses you. x2
Okay, then.
Unknown command.
Unknown command.
Unknown command.
It was a potion of invisibility.
You fade into invisibility!
The ufetubus closely misses you. x3
The ufetubus hits you but does no damage.
You closely miss the ufetubus.
The ufetubus is almost dead.
The ufetubus closely misses you. The ufetubus misses you.
The ufetubus hits you.
You die...

#...................
#.......###..#.#.##
........###....#.# #....
#............#.#.###....
#.......................
.............#.#.###...
.............#.#.# #.#
..###.#......#.#.###.# .#
...............5@..#.####.###
#.###.#..#.#.#..............
#............###†###.###..##
#.###.#....#.###.###.###..#
#.#
#.#..#................##.#
...
#......................... ..
#.#..#.#####.###.#.#.###.
#.#..#.# #.# #.#†#+## . . ..
#.# #.# #.#....#


You could see an ufetubus (unable to see you).

Vanquished Creatures
  A scorpion (D:6)
  A hound (D:6)
  An adder (D:3)
  A white imp (D:6)
  A worm (D:2)
  2 dart slugs
  7 ball pythons
  3 endoplasms
  4 giant cockroaches
  5 goblins
  2 hobgoblins (D:2)
  4 jackals (D:1)
  3 quokkas
  4 bats
  A frilled lizard (D:2)
  3 kobolds
  2 rats
45 creatures vanquished.

Notes
Turn   | Place    | Note
-------+----------+-------------------------------------------
     0 | D:1      | ParallaxScroll the Hill Orc Reaver began the quest for the
                  | Orb.
     0 | D:1      | Reached XP level 1. HP: 18/18 MP: 3/3
   260 | D:1      | Reached XP level 2. HP: 25/25 MP: 4/4
   713 | D:1      | Reached XP level 3. HP: 31/31 MP: 5/5
  1195 | D:2      | Found a shadowy altar of Dithmenos.
  1200 | D:2      | Became a worshipper of Dithmenos the Shadowed
  1434 | D:2      | Reached skill level 1 in Armour
  1542 | D:3      | Reached XP level 4. HP: 33/38 MP: 6/6
  1582 | D:3      | You fall into a shaft and drop 3 floors!
  1696 | D:6      | Reached skill level 1 in Necromancy
  1750 | D:6      | Noticed a scorpion
  1763 | D:6      | Killed a scorpion
  1764 | D:6      | Reached XP level 5. HP: 11/47 MP: 7/7
  1785 | D:6      | HP: 1/47 [ufetubus (3)]
  1788 | D:6      | Slain by an ufetubus

Illustrated notes

Levels and vault maps discovered:
D:1:      dpeg_arrival_long_road, layout_loops_cross
D:2:      layout_rooms, basic_altar, corexii_item_surrounded_by_moat
D:3:      layout_basic, nicolae_qazlal_general_emergency
D:6:      layout_basic

Skill      XL: |  1  2  3  4 |
---------------+-------------+-----
Fighting       | 3 4 |  4.5
Conjurations   | 4 |  4.0
Armour         | 1 |  1.0
Necromancy     | 1 |  1.9
Axes           | |  4.4
Dodging        | |  1.5
Spellcasting   | |  1.5

Action                   |  1- 3 |  4- 6 || total
-------------------------+-------+-------++-------
Melee: Hand axe          |    38 |     8 ||    46
       Dagger            |    92 |     5 ||    97
 Fire: Sling             |    60 |     7 ||    67
  Use: Scroll            |     4 |       ||     4
       Potion            |       |     2 ||     2
Armor: Leather armour    |    17 |     3 ||    20
       Ring mail         |    47 |       ||    47
Dodge: Dodged            |    67 |    19 ||    86

Table legend: (Time is in decaauts)
 A = Elapsed time spent in this place.
 B = Non-inter-level travel time spent in this place.
 C = Inter-level travel time spent in this place.
 D = Time resting spent in this place.
 E = Time spent auto-exploring this place.
 F = Levels seen in this place.
 G = Mean time per level.
                   A        B        C        D        E       F      G
               +--------+--------+--------+--------+--------+-----+--------+
         Total |   1785 |   1728 |     57 |    304 |    955 |   4 |  446.2 |
       Dungeon |   1785 |   1728 |     57 |    304 |    955 |   4 |  446.2 |
               +--------+--------+--------+--------+--------+-----+--------+

Top non-repeatable levels by time:
     D:1: 788 daAuts
     D:2: 664 daAuts
     D:6: 204 daAuts
     D:3: 128 daAuts
